AoeStats
← kimbo

African Clearing

505756531Analyzed
2v2 RM · 22d ago on Sep 10, 2026· 64m 4s· 4 players
Game mode
Random Map
Map size
Medium (4 player)
Population
200
Speed
Normal
Resources
Standard
Victory
Conquest
Starting age
Dark Age
Ending age
Imperial Age
RankedLock teamsTeams togetherTeam positionsShared explorationLock speedFull tech treeHidden civsTurbo modeCheats
Victory
Defeat
🇦🇷 Tupi · Argentina
1315
+14
🇦🇷 Huns · Argentina
1312
+14
🇺🇸 Chinese · United States
1336
-17
🇺🇸 Huns · United States
1196
-11
jgww 💀
3:18 Loom
14:28 Feudal Age
16:08 Double-Bit Axe
18:24 Castle Age
19:25 Bow Saw
19:08 Horse Collar
26:12 Town Watch
27:54 Wheelbarrow
33:15 Imperial Age
30:45 Crossbowman
31:42 Padded Archer Armor
31:57 Fletching
32:23 Gold Mining
32:41 Thumb Ring
33:35 Ballistics
33:31 Bodkin Arrow
35:02 Chemistry
33:33 Capped Ram
34:18 Bracer
36:31 Leather Archer Armor
36:15 Arbalester
37:43 Masonry
39:03 Architecture
40:42 Siege Ram
45:45 Rocketry
48:23 Heavy Rocket Cart
50:13 Ring Archer Armor
51:48 Gold Shaft Mining
51:31 Hand Cart
53:56 Murder Holes
58:13 Pikeman
59:27 Halberdier
60:10 Scale Mail Armor
60:21 Forging
61:51 Squires
63:02 Conscription
64:14 Heavy Plow
TheJollyGreenPeen
14:13 Feudal Age
12:32 Loom
14:18 Feudal Age
18:38 Castle Age
16:42 Double-Bit Axe
16:38 Horse Collar
17:35 Bloodlines
17:34 Scale Barding Armor
35:58 Husbandry
41:02 Imperial Age
39:30 Chain Barding Armor
39:49 Gold Mining
39:50 Stone Mining
40:36 Forging
41:06 Cavalier
42:31 Plate Barding Armor
42:32 Iron Casting
43:29 Light Cavalry
44:25 Paladin
44:39 Hussar
49:56 Blast Furnace
55:06 Fletching
56:14 Bodkin Arrow
57:59 Bracer
60:46 Ballistics
kimbo
7:58 Loom
13:30 Feudal Age
17:38 Castle Age
15:59 Double-Bit Axe
16:41 Stone Mining
18:48 Bow Saw
19:20 Fletching
20:45 Horse Collar
23:21 Bodkin Arrow
30:32 Ballistics
36:01 Imperial Age
35:12 Wheelbarrow
34:26 Town Watch
34:48 Padded Archer Armor
36:11 Elite Blackwood Archer
37:04 Bracer
37:30 Heavy Plow
38:33 Two-Man Saw
40:12 Chemistry
40:11 Leather Archer Armor
41:12 Hand Cart
46:52 Ring Archer Armor
49:44 Capped Ram
51:02 Siege Ram
52:59 Heavy Plow
52:50 Gold Mining
58:37 Curare
Pingocho
10:31 Loom
12:32 Feudal Age
16:44 Castle Age
14:59 Double-Bit Axe
16:39 Bloodlines
16:57 Scale Barding Armor
23:24 Chain Barding Armor
26:32 Forging
27:01 Husbandry
28:59 Gold Mining
30:18 Iron Casting
30:11 Horse Collar
36:20 Imperial Age
34:15 Fletching
36:41 Bow Saw
36:27 Cavalier
38:00 Conscription
39:15 Plate Barding Armor
39:28 Bodkin Arrow
43:46 Chemistry
43:11 Bracer
44:47 Gold Shaft Mining
44:54 Paladin
46:21 Heavy Plow
47:00 Wheelbarrow
47:24 Stone Mining
48:21 Hand Cart
49:41 Blast Furnace
50:26 Light Cavalry
51:36 Hussar
63:09 Ballistics
Connection lost

Rejoining the realm…

Still unreachable

The connection could not be restored.

Session expired

The server has moved on; the page needs a fresh start.